 Dungeon Crawl Stone Soup version 0.29.1-2-gbd0b4ee654 (webtiles) character file.

Game seed: 7711465116095902855

86 mester the Magician (level 4, -4/31 HPs)
             Began as a Djinni Fire Elementalist on Dec 1, 2022.
             Slain by a phantom (5 damage)
             ... on level 3 of the Dungeon.
             The game lasted 00:13:34 (3304 turns).

mester the Magician (Djinni Fire Elementalist)      Turns: 3304, Time: 00:13:35

Health: -4/31      AC:  2    Str:  7    XL:     4   Next: 77%
Gold:   139        EV: 12    Int: 18    God:
                   SH:  0    Dex: 14

rFire   + + .      SeeInvis .   (no weapon)
rCold   x . .      Faith    .   (no shield)
rNeg    . . .      Spirit   .   a - +0 robe
rPois   ∞          Reflect  .   (helmet restricted)
rElec   .          Harm     .   (no cloak)
rCorr   .          Rampage  .   (no gloves)
Will    .....                   (boots unavailable)
Stlth   ++........              (no amulet)
HPRegen 0.10/turn               j - ring of magical power
MPRegen 0.00/turn               (no ring)

@: flying
A: sickness immunity, fire resistance 2, cold vulnerability 1, float, innate
caster, HP casting, extra vitality 1, horns 1, screaming 1
a: no special abilities


You were on level 3 of the Dungeon.
You visited 1 branch of the dungeon, and saw 3 of its levels.

You collected 139 gold pieces.

Inventory:

Missiles
 i - 22 stones
Armour
 a - a +0 robe (worn)
 c - a +0 ring mail
Jewellery
 j - a ring of magical power (left hand)
Scrolls
 b - a scroll of identify
 e - a scroll of fear
 f - a scroll of poison {unknown}
 g - a scroll of noise {unknown}
Potions
 d - 2 potions of curing {unknown}
 h - a potion of flight {unknown}
 k - a potion of lignification


   Skills:
 + Level 2.4 Dodging
 + Level 2.0 Stealth
 + Level 3.7 Spellcasting


You couldn't memorise any spells.
You knew the following spells:

 Your Spells              Type           Power      Damage    Failure   Level
a - Foxfire               Conj/Fire      64%        2x1d7     3%          1
b - Scorch                Fire           32%        2d7       4%          2
c - Conjure Flame         Conj/Fire      16%        6-21      10%         3
d - Inner Flame           Hex/Fire       16%        N/A       10%         3
e - Flame Wave            Conj/Fire      16%        2d7       32%         4
f - Necrotise             Necr           64%        1d7       3%          1
Your spell library was empty.

Dungeon Overview and Level Annotations

Branches:
Dungeon (3/15)

Altars:


Innate Abilities, Weirdness & Mutations

You are immune to sickness and miasma.
You are immune to poison.
Your flesh is very heat resistant. (rF++)
You are vulnerable to cold. (rC-)
You float through the air rather than walking.
You learn spells naturally, not from books.
Your magical power is your life essence.
You have superior vitality. (+4 MHP)
You have a pair of small horns on your head.
You occasionally shout uncontrollably at your foes.


Message History

Casting: Foxfire (safe; 3% risk of failure)
Confirm with . or Enter, or press ? or * to list all spells.
You conjure some foxfire!
* * * LOW HITPOINT WARNING * * *
The phantom hits you.
* * * LOW HITPOINT WARNING * * *
The phantom blinks!
You blink.
Casting: Foxfire (safe; 3% risk of failure)
Confirm with . or Enter, or press ? or * to list all spells.
Flames lash the rat.
You kill the rat!
* * * LOW HITPOINT WARNING * * *
The foxfire hits the phantom but does no damage.
The phantom is lightly damaged.
The foxfire hits the phantom.
The phantom is lightly damaged.
The phantom barely misses you.
Casting: Scorch (safe; 4% risk of failure)
Confirm with . or Enter, or press ? or * to list all spells.
Flames lash the phantom.
The phantom is heavily damaged.
The phantom's fire resistance burns away.
* * * LOW HITPOINT WARNING * * *
The phantom hits you but does no damage.
Casting: Scorch (safe; 4% risk of failure)
Confirm with . or Enter, or press ? or * to list all spells.
Flames lash the phantom.
The phantom is burned terribly!
The phantom is heavily damaged.
* * * LOW HITPOINT WARNING * * *
The phantom misses you.
Unknown command.
Casting: Scorch (safe; 4% risk of failure)
Confirm with . or Enter, or press ? or * to list all spells.
You don't have enough health to cast this spell.
Casting: Scorch (safe; 4% risk of failure)
Confirm with . or Enter, or press ? or * to list all spells.
You conjure some foxfire!
* * * LOW HITPOINT WARNING * * *
The phantom hits you.
You die...

#..###.†.........#
###...!###.......#
##.#.# ##.######
##.#.# #..#
##....# ##.# ####
##..†..## #.# #...
#.......# #.# #.##
#...Wv..# #.#
##.## #.#v@.#.#
#.# #....
##.###.##
#.####..## #. #
#.......). .
######..## # #..##
#######..##
.......).##
#######.###
#.........


You could see a phantom (combustible, ally target).

Vanquished Creatures
  3 adders
  A worm (D:2)
  2 dart slugs
  5 endoplasms
  3 giant cockroaches
  6 goblins
  3 hobgoblins
  3 jackals (D:1)
  2 quokkas
  3 ball pythons
  5 bats
  2 frilled lizards
  8 kobolds
  3 rats
49 creatures vanquished.

Vanquished Creatures (others)
  112 foxfires
112 creatures vanquished.

Grand Total: 161 creatures vanquished

Notes
Turn   | Place    | Note
-------+----------+-------------------------------------------
     0 | D:1      | mester the Djinni Fire Elementalist began the quest for the
                  | Orb.
     0 | D:1      | mester set off with the following spells memorised:
                  | Foxfire, Scorch, Conjure Flame, Inner Flame, Flame Wave.
     0 | D:1      | Reached XP level 1. HP: 15/15 MP: 0/0
   194 | D:1      | Reached XP level 2. HP: 16/21 MP: 0/0
   594 | D:1      | Gained mutation: You occasionally shout uncontrollably at
                  | your foes. [potion of mutation]
   594 | D:1      | Gained mutation: You have a pair of small horns on your
                  | head. [potion of mutation]
   708 | D:1      | Reached skill level 3 in Spellcasting
   760 | D:1      | Reached XP level 3. HP: 22/25 MP: 0/0
   760 | D:1      | Learned a level 1 spell: Necrotise
  1017 | D:1      | Found a faded altar of an unknown god.
  1771 | D:2      | Reached XP level 4. HP: 25/31 MP: 0/0
  3291 | D:3      | Noticed a phantom
  3304 | D:3      | Slain by a phantom

Illustrated notes

Levels and vault maps discovered:
D:1:      nzn_arrival_water_spiral, layout_basic,
          ebering_ecumenical_altar_abandoned, chequers_serial_rivers_large_a
D:2:      layout_basic, minmay_pentomino_t2
D:3:      layout_loops_ring, makhleb_altar_promises_db, kennysheep_small_spiral,
          kennysheep_jessica_study

Skill      XL: |  1  2  3 |
---------------+----------+-----
Spellcasting   | 3 |  3.7
Stealth        | 2 |  2.0
Dodging        | |  2.4

Action                   |  1- 3 |  4- 6 || total
-------------------------+-------+-------++-------
 Cast: Foxfire           |    44 |    35 ||    79
       Necrotise         |    10 |     2 ||    12
       Scorch            |     2 |     3 ||     5
  Use: Potion            |     1 |     1 ||     2
       Scroll            |     1 |       ||     1
Armor: Robe              |     3 |     3 ||     6
Dodge: Dodged            |     6 |     5 ||    11
